Coutelas vs River Frogs
(R1)
Created - October 19, 2020 at 00:29
Goals
|
Coutelas |
2 |
3 |
0 |
5 |
River Frogs |
2 |
4 |
2 |
8 |
|
Shots
|
Coutelas |
8 |
8 |
10 |
26 |
River Frogs |
5 |
14 |
16 |
35 |
|
1st period
1. Coutelas , Mikhail Grigorenko 1 (Teemu Pulkkinen 1) at 2:18
2. River Frogs , Matt Calvert 1 (Dominik Simon 1, Mitch Marner 1) at 11:46
3. Coutelas , Mikhail Grigorenko 2 (Dustin Kohn 1, Garnet Hathaway 1) at 15:37
4. River Frogs , Matt Calvert 2 (Timothy Kunes 1, Christian Hanson 1) at 17:16 (PP)
Penalties :
Garnet Hathaway (MDÉ) for Interference (Minor) at 16:38, Dustin Kohn (MDÉ) for Slashing (Minor) at 17:00
2nd period
5. River Frogs , Dominik Simon 1 (Mitch Marner 2, Matt Calvert 1) at 4:10
6. River Frogs , Mitch Marner 1 (Timothy Kunes 2, Dominik Simon 2) at 4:26
7. River Frogs , Matt Calvert 3 (Mitch Marner 3, Dominik Simon 3) at 11:09
8. Coutelas , Craig Cunningham 1 (Garnet Hathaway 2, Tanner Richard 1) at 12:50
9. Coutelas , Teemu Pulkkinen 1 (Juraj Mikus 1, Mike Reilly 1) at 17:17
10. River Frogs , Dominik Simon 2 (Mitch Marner 4, Matt Calvert 2) at 18:00
11. Coutelas , Mattias Janmark 1 (Nick Mattson 1) at 19:29
Penalties :
Mike Reilly (MDÉ) for Hooking (Minor) at 6:08
3rd period
12. River Frogs , Andrew Gordon 1 (Joakim Nordstrom 1, Shea Theodore 1) at 1:40
13. River Frogs , Dominik Simon 3 (Matt Calvert 3, Nikita Zadorov 1) at 1:52
Penalties :
Timothy Kunes (Lou) for Tripping (Minor) at 5:19, Christian Hanson (Lou) for Hooking (Minor) at 12:45, Mike Reilly (MDÉ) for Hooking (Minor) at 17:46
Goalie Stats
Ilya Samsonov (MDÉ), 10 saves from 14 shots - (0.714), L, 0-1-0, 17:26 minutes
Joe Cannata (MDÉ), 17 saves from 21 shots - (0.810), 42:34 minutes
Thomas Greiss (Lou), 21 saves from 26 shots - (0.808), W, 1-0-0, 60:00 minutes
Players Stats for Coutelas
Player Name G A P +/- PIM S H SB GA TA FO MP PP MP PK MP
------------------------------------------------------------------------------------
Ben Harpur 0 0 0 -3 0 0 0 4 0 0 0/0 29:53 2:38 3:24
Brendan Lemieux 0 0 0 -1 0 1 2 0 0 0 1/1 11:37 0:00 0:00
Craig Cunningham 1 0 1 -1 0 1 2 2 0 0 1/1 23:10 2:19 3:27
Dustin Kohn 0 1 1 -3 2 3 0 1 0 1 0/0 28:15 2:38 2:10
Garnet Hathaway 0 2 2 -1 2 1 1 0 3 0 5/8 22:50 2:19 3:08
Julius Honka 0 0 0 -1 0 0 0 4 0 2 0/0 14:08 0:00 3:15
Juraj Mikus 0 1 1 -3 0 3 1 0 0 0 7/13 15:02 1:39 0:00
Mattias Janmark 1 0 1 3 0 2 0 2 0 0 0/0 7:25 0:00 0:07
Mike Amadio 0 0 0 -1 0 1 0 2 0 0 8/12 13:13 0:00 1:35
Mike Reilly 0 1 1 2 4 0 1 1 0 0 0/0 17:18 1:20 0:46
Mikhail Grigorenko 2 0 2 3 0 3 0 0 0 0 1/2 7:25 0:00 0:07
Nick Mattson 0 1 1 2 0 0 1 0 2 0 0/0 19:14 1:20 2:55
Nikita Scherbak 0 0 0 3 0 0 0 0 0 0 0/0 7:16 0:00 0:00
Oliver Bjorkstrand 0 0 0 -1 0 4 0 0 1 0 0/0 11:37 0:00 0:00
Patrick Sieloff 0 0 0 -1 0 0 2 0 0 0 0/0 11:26 0:00 0:07
Rhett Rakhshani 0 0 0 -3 0 3 1 1 0 0 0/1 15:02 1:39 0:00
Tanner Richard 0 1 1 -1 0 1 3 1 1 0 14/34 20:58 2:19 1:29
Teemu Pulkkinen 1 1 2 -3 0 3 2 1 0 0 1/2 17:32 1:39 2:29
Players Stats for River Frogs
Player Name G A P +/- PIM S H SB GA TA FO MP PP MP PK MP
------------------------------------------------------------------------------------
Aaron Ness 0 0 0 -2 0 0 1 0 1 0 0/0 11:36 0:00 0:00
Andrew Gordon 1 0 1 -1 0 4 0 0 0 0 0/0 14:14 2:26 0:15
Austin Watson 0 0 0 -1 0 0 2 0 0 0 0/1 9:36 0:00 0:18
Christian Hanson 0 1 1 -1 2 0 0 0 1 1 6/13 16:22 3:53 1:17
David Kolomatis 0 0 0 -2 0 1 0 1 0 0 0/0 13:01 0:00 1:20
Dominik Simon 3 3 6 5 0 6 0 0 0 0 17/33 20:40 2:26 0:21
Emerson Etem 0 0 0 -1 0 2 2 0 0 0 5/9 17:52 3:53 2:46
Jared Knight 0 0 0 -1 0 1 3 0 0 0 4/5 11:00 0:00 1:40
Joakim Nordstrom 0 1 1 -1 0 0 1 0 0 0 0/0 12:18 0:00 1:04
Justin Florek 0 0 0 -1 0 0 1 0 1 0 0/2 13:49 2:26 0:00
Matt Calvert 3 3 6 5 0 8 3 1 0 0 1/5 21:54 3:53 0:15
Mitch Marner 1 4 5 5 0 3 1 0 0 1 2/2 17:39 0:00 0:00
Morgan Rielly 0 0 0 1 0 1 1 3 0 0 0/0 20:31 2:16 1:18
Nikita Zadorov 0 1 1 3 0 2 2 1 0 2 0/0 27:53 4:03 2:40
Ondrej Kase 0 0 0 -1 0 1 3 0 0 0 0/0 9:18 0:00 0:00
Ryan Fitzgerald 0 0 0 -1 0 1 0 0 0 2 1/4 11:14 0:00 0:00
Shea Theodore 0 1 1 1 0 3 0 0 0 1 0/0 20:31 2:16 1:18
Timothy Kunes 0 2 2 3 2 2 1 0 0 0 0/0 26:32 4:03 1:20
3 Stars
1 - Matt Calvert (Lou)
2 - Dominik Simon (Lou)
3 - Mitch Marner (Lou)
Power Play
Coutelas - 0 on 2 Attempt(s) - 0.00%
River Frogs - 1 on 4 Attempt(s) - 25.00%
Penalty Kill
Coutelas - 3 on 4 Attempt(s) - 75.00%
- Score 0 goal in Penalty Kill
River Frogs - 2 on 2 Attempt(s) - 100.00%
- Score 0 goal in Penalty Kill
Team Stat
Coutelas - Hits : 16 - Faceoff Wins : 38 - Blocked Shots : 19 - Penalty Minutes : 8
River Frogs - Hits : 21 - Faceoff Wins : 36 - Blocked Shots : 6 - Penalty Minutes : 4
Official
Referees : Unknown
Linesman : Unknown
Game Notes
17:16 of 1st period - River Frogs goal is going for a video replay. After video review, Goal.
Ilya Samsonov enters game at 4:26 of 2nd period
Matt Calvert has scored a Hat Trick!
Dominik Simon has scored a Hat Trick!
Joe Cannata enters game at 1:52 of 3rd period
Finance
Level 1 -- Attendance: 1348 (67.40%) -- Ticket Income $53,920
Level 2 -- Attendance: 702 (70.20%) -- Ticket Income $14,040
Total Attendance: 2050 (68.33%)
Total Ticket Income: $67,960
Other Income: $3,398
Total Income: $71,358
Coutelas
5 vs 5 Forward
Center Left Wing Right Wing Time % Phy DF OF
1 Tanner Richard Craig Cunningham Garnet Hathaway 40 1 2 2
2 Juraj Mikus Teemu Pulkkinen Rhett Rakhshani 30 1 2 2
3 Mike Amadio Brendan Lemieux Oliver Bjorkstrand 20 1 2 2
4 Mikhail Grigorenko Mattias Janmark Nikita Scherbak 10 1 2 2
5 vs 5 Defense
Defense Defense Time % Phy DF OF
1 Dustin Kohn Ben Harpur 40 1 2 2
2 Nick Mattson Mike Reilly 30 1 2 2
3 Patrick Sieloff Julius Honka 20 1 2 2
4 Dustin Kohn Ben Harpur 10 1 2 2
PowerPlay Forward
Center Left Wing Right Wing Time % Phy DF OF
1 Tanner Richard Craig Cunningham Garnet Hathaway 60 1 2 2
2 Juraj Mikus Teemu Pulkkinen Rhett Rakhshani 40 1 2 2
PowerPlay Defense
Defense Defense Time % Phy DF OF
1 Dustin Kohn Ben Harpur 60 1 2 2
2 Nick Mattson Mike Reilly 40 1 2 2
Penalty Kill 4 Players Forward
Center Wing Time % Phy DF OF
1 Garnet Hathaway Craig Cunningham 60 1 2 2
2 Tanner Richard Teemu Pulkkinen 40 1 2 2
Penalty Kill 4 Players Defense
Defense Defense Time % Phy DF OF
1 Dustin Kohn Ben Harpur 60 1 2 2
2 Nick Mattson Mike Reilly 40 1 2 2
Penalty Kill - 3 Players Forward
Forward Time % Phy DF OF
1 Garnet Hathaway 60 1 2 2
2 Craig Cunningham 40 1 2 2
Penalty Kill - 3 Players Defense
Defense Defense Time % Phy DF OF
1 Dustin Kohn Ben Harpur 60 1 2 2
2 Nick Mattson Mike Reilly 40 1 2 2
4 vs 4 Forward
Center Wing Time % Phy DF OF
1 Garnet Hathaway Craig Cunningham 60 1 2 2
2 Tanner Richard Teemu Pulkkinen 40 1 2 2
4 vs 4 Defense
Defense Defense Time % Phy DF OF
1 Dustin Kohn Ben Harpur 60 1 2 2
2 Nick Mattson Mike Reilly 40 1 2 2
Last Minutes Offensive
Center Left Wing Right Wing Defense Defense
Tanner Richard Craig Cunningham Garnet Hathaway Dustin Kohn Ben Harpur
Last Minutes Defensive
Center Left Wing Right Wing Defense Defense
Tanner Richard Craig Cunningham Garnet Hathaway Dustin Kohn Ben Harpur
Goaltenders
Starting : Joe Cannata
Backup : Ilya Samsonov
Extra Forwards
Normal : Brendan Lemieux, Oliver Bjorkstrand, Mike Amadio - PP : Brendan Lemieux, Oliver Bjorkstrand - PK : Mike Amadio
Extra Defensemen
Normal : Patrick Sieloff, Julius Honka, Nick Mattson - PP : Patrick Sieloff - PK : Julius Honka, Nick Mattson
Penalty Shots
Garnet Hathaway, Craig Cunningham, Tanner Richard, Teemu Pulkkinen, Juraj Mikus
Scratches
Colin White (Healthy), Ross Johnston (Healthy), Patrick Russell (Healthy), Myles Bell (Healthy), Zach Whitecloud (Healthy)
Nick Paul (Healthy), Kurtis Gabriel (Healthy), Duncan Siemens (Healthy), Calle Andersson (Healthy), Clark Bishop (Healthy)
JJ. Piccinich (Healthy), Michael Giugovaz (Healthy)
River Frogs
5 vs 5 Forward
Center Left Wing Right Wing Time % Phy DF OF
1 Dominik Simon Matt Calvert Mitch Marner 40 1 2 2
2 Christian Hanson Justin Florek Emerson Etem 23 1 2 2
3 Jared Knight Austin Watson Ondrej Kase 19 1 2 2
4 Ryan Fitzgerald Joakim Nordstrom Andrew Gordon 18 1 2 2
5 vs 5 Defense
Defense Defense Time % Phy DF OF
1 Nikita Zadorov Timothy Kunes 40 1 2 2
2 Shea Theodore Morgan Rielly 30 1 2 2
3 Aaron Ness David Kolomatis 20 1 2 2
4 Nikita Zadorov Timothy Kunes 10 1 2 2
PowerPlay Forward
Center Left Wing Right Wing Time % Phy DF OF
1 Christian Hanson Matt Calvert Emerson Etem 60 1 2 2
2 Dominik Simon Justin Florek Andrew Gordon 40 1 2 2
PowerPlay Defense
Defense Defense Time % Phy DF OF
1 Nikita Zadorov Timothy Kunes 60 1 2 2
2 Shea Theodore Morgan Rielly 40 1 2 2
Penalty Kill 4 Players Forward
Center Wing Time % Phy DF OF
1 Emerson Etem Christian Hanson 60 1 2 2
2 Matt Calvert Andrew Gordon 40 1 2 2
Penalty Kill 4 Players Defense
Defense Defense Time % Phy DF OF
1 Nikita Zadorov Timothy Kunes 60 1 2 2
2 Shea Theodore Morgan Rielly 40 1 2 2
Penalty Kill - 3 Players Forward
Forward Time % Phy DF OF
1 Emerson Etem 60 1 2 2
2 Christian Hanson 40 1 2 2
Penalty Kill - 3 Players Defense
Defense Defense Time % Phy DF OF
1 Nikita Zadorov Timothy Kunes 60 1 2 2
2 Shea Theodore Morgan Rielly 40 1 2 2
4 vs 4 Forward
Center Wing Time % Phy DF OF
1 Emerson Etem Christian Hanson 60 1 2 2
2 Matt Calvert Andrew Gordon 40 1 2 2
4 vs 4 Defense
Defense Defense Time % Phy DF OF
1 Nikita Zadorov Timothy Kunes 60 1 2 2
2 Shea Theodore Morgan Rielly 40 1 2 2
Last Minutes Offensive
Center Left Wing Right Wing Defense Defense
Christian Hanson Matt Calvert Emerson Etem Nikita Zadorov Timothy Kunes
Last Minutes Defensive
Center Left Wing Right Wing Defense Defense
Christian Hanson Matt Calvert Emerson Etem Nikita Zadorov Timothy Kunes
Goaltenders
Starting : Thomas Greiss
Backup : Tyler Beskorowany
Extra Forwards
Normal : Ondrej Kase, Mitch Marner, Jared Knight - PP : Ondrej Kase, Mitch Marner - PK : Jared Knight
Extra Defensemen
Normal : Aaron Ness, David Kolomatis, Shea Theodore - PP : Aaron Ness - PK : David Kolomatis, Shea Theodore
Penalty Shots
Emerson Etem, Christian Hanson, Matt Calvert, Andrew Gordon, Justin Florek
Scratches
Matt Grzelcyk (Healthy), Cameron Hughes (Healthy), Maxim Mamin (Healthy), Bobby Farnham (Healthy), Dillon Heatherington (Healthy)
Francis Perron (Healthy), Beau Starrett (Healthy), Richard Nejezchleb (Healthy), Phoenix Copley (Healthy)
% Time on Ice - Coutelas
Lines # - Real PCT - Wanted PCT - Time Play
Normal Forward
1 - 35% - 40% - 17:27
2 - 27% - 30% - 13:23
3 - 23% - 20% - 11:37
4 - 15% - 10% - 7:16
Normal Defense
1 - 41% - 40% - 20:12
2 - 30% - 30% - 14:59
3 - 22% - 20% - 10:53
4 - 7% - 10% - 3:39
PP Forward
1 - 58% - 60% - 2:19
2 - 42% - 40% - 1:39
PP Defense
1 - 66% - 60% - 2:38
2 - 34% - 40% - 1:20
PK Forward
1 - 75% - 60% - 4:34
2 - 25% - 40% - 1:29
PK Defense
1 - 52% - 60% - 3:08
2 - 48% - 40% - 2:55
PK3 Forward
1 - 100% - 60% - 0:16
2 - 0% - 40% - 0:00
PK3 Defense
1 - 100% - 60% - 0:16
2 - 0% - 40% - 0:00
44 Forward
1 - 0% - 60%
2 - 0% - 40%
44 Defense
1 - 0% - 60%
2 - 0% - 40%
Last Minute Offensive - 0:00
Last Minute Defensive - 0:00
Total
Forward - 60:00
Defense - 60:00
|
% Time on Ice - River Frogs
Lines # - Real PCT - Wanted PCT - Time Play
Normal Forward
1 - 36% - 40% - 17:43
2 - 23% - 23% - 11:28
3 - 19% - 19% - 9:18
4 - 23% - 18% - 11:14
Normal Defense
1 - 38% - 40% - 19:07
2 - 34% - 30% - 16:57
3 - 23% - 20% - 11:36
4 - 4% - 10% - 2:03
PP Forward
1 - 61% - 60% - 3:53
2 - 39% - 40% - 2:26
PP Defense
1 - 64% - 60% - 4:03
2 - 36% - 40% - 2:16
PK Forward
1 - 94% - 60% - 3:43
2 - 6% - 40% - 0:15
PK Defense
1 - 67% - 60% - 2:40
2 - 33% - 40% - 1:18
PK3 Forward
1 - 0% - 60%
2 - 0% - 40%
PK3 Defense
1 - 0% - 60%
2 - 0% - 40%
44 Forward
1 - 0% - 60%
2 - 0% - 40%
44 Defense
1 - 0% - 60%
2 - 0% - 40%
Last Minute Offensive - 0:00
Last Minute Defensive - 0:00
Total
Forward - 60:00
Defense - 60:00
|
Play-by-Play
1st period
0:01 of 1st period - Tanner Richard wins face-off versus Dominik Simon in neutral zone.
0:39 of 1st period - Snap shot by Emerson Etem.
0:39 of 1st period - Shot Misses the Net.
1:45 of 1st period - Nick Mattson is hit by Mitch Marner and loses puck.
2:18 of 1st period - Snap shot by Mikhail Grigorenko.
2:18 of 1st period - Goal by Mikhail Grigorenko - Coutelas : 1 - River Frogs : 0.
2:19 of 1st period - Juraj Mikus wins face-off versus Matt Calvert in neutral zone.
2:34 of 1st period - Snap shot by Teemu Pulkkinen.
2:34 of 1st period - Shot Blocked by Nikita Zadorov.
3:15 of 1st period - Snap shot by Andrew Gordon.
3:15 of 1st period - Shot Blocked by Ben Harpur.
3:58 of 1st period - Snap shot by Juraj Mikus.
3:58 of 1st period - Shot Hit the Post.
4:00 of 1st period - Wrist shot by Rhett Rakhshani.
4:00 of 1st period - Shot Misses the Net.
5:40 of 1st period - Wrist shot by Juraj Mikus.
5:40 of 1st period - Shot Misses the Net.
5:56 of 1st period - Icing by Dustin Kohn.
5:57 of 1st period - Juraj Mikus wins face-off versus Christian Hanson in Coutelas zone.
6:26 of 1st period - Slapshot by Oliver Bjorkstrand.
6:26 of 1st period - Stopped by Thomas Greiss with a rebound.
6:28 of 1st period - Snap shot by Mike Amadio.
6:28 of 1st period - Stopped by Thomas Greiss without a rebound.
6:29 of 1st period - Mike Amadio wins face-off versus Dominik Simon in River Frogs zone.
6:39 of 1st period - Slapshot by Matt Calvert.
6:39 of 1st period - Stopped by Joe Cannata with a rebound.
6:45 of 1st period - Wrist shot by Matt Calvert.
6:45 of 1st period - Stopped by Joe Cannata with a rebound.
6:55 of 1st period - Craig Cunningham is hit by Ondrej Kase and loses puck.
10:00 of 1st period - Patrick Sieloff is hit by Jared Knight and loses puck.
10:45 of 1st period - Snap shot by Emerson Etem.
10:45 of 1st period - Shot Misses the Net.
10:55 of 1st period - Shea Theodore is hit by Brendan Lemieux and loses puck.
11:06 of 1st period - Slapshot by Oliver Bjorkstrand.
11:06 of 1st period - Shot Misses the Net.
11:08 of 1st period - Slapshot by Oliver Bjorkstrand.
11:08 of 1st period - Deflect By Brendan Lemieux.
11:08 of 1st period - Shot Hit the Post.
11:08 of 1st period - Puck is out of play.
11:09 of 1st period - Jared Knight wins face-off versus Tanner Richard in River Frogs zone.
11:23 of 1st period - Snap shot by Tanner Richard.
11:23 of 1st period - Stopped by Thomas Greiss with a rebound.
11:40 of 1st period - Off-side.
11:41 of 1st period - Dominik Simon wins face-off versus Juraj Mikus in neutral zone.
11:44 of 1st period - Snap shot by Mitch Marner.
11:44 of 1st period - Shot Blocked by Julius Honka.
11:46 of 1st period - Wrist shot by Dominik Simon.
11:46 of 1st period - Deflect By Matt Calvert.
11:46 of 1st period - Goal by Matt Calvert - Coutelas : 1 - River Frogs : 1.
11:47 of 1st period - Tanner Richard wins face-off versus Dominik Simon in neutral zone.
12:12 of 1st period - Wrist shot by Oliver Bjorkstrand.
12:12 of 1st period - Shot Misses the Net.
12:18 of 1st period - Wrist shot by Oliver Bjorkstrand.
12:18 of 1st period - Stopped by Thomas Greiss without a rebound.
12:19 of 1st period - Christian Hanson wins face-off versus Mike Amadio in River Frogs zone.
12:52 of 1st period - Snap shot by Brendan Lemieux.
12:52 of 1st period - Shot Misses the Net.
12:54 of 1st period - Slapshot by Oliver Bjorkstrand.
12:54 of 1st period - Stopped by Thomas Greiss without a rebound.
12:55 of 1st period - Tanner Richard wins face-off versus Dominik Simon in River Frogs zone.
13:24 of 1st period - Wrist shot by Teemu Pulkkinen.
13:24 of 1st period - Shot Misses the Net.
13:40 of 1st period - Nick Mattson is hit by Austin Watson and loses puck.
14:04 of 1st period - Off-side.
14:05 of 1st period - Garnet Hathaway wins face-off versus Ryan Fitzgerald in neutral zone.
15:03 of 1st period - Wrist shot by Oliver Bjorkstrand.
15:03 of 1st period - Shot Misses the Net.
15:25 of 1st period - Tanner Richard is hit by Ondrej Kase.
15:35 of 1st period - Slapshot by Dustin Kohn.
15:35 of 1st period - Stopped by Thomas Greiss with a rebound.
15:37 of 1st period - Snap shot by Mikhail Grigorenko.
15:37 of 1st period - Goal by Mikhail Grigorenko - Coutelas : 2 - River Frogs : 1.
15:38 of 1st period - Dominik Simon wins face-off versus Tanner Richard in neutral zone.
16:03 of 1st period - Timothy Kunes is hit by Brendan Lemieux and loses puck.
16:32 of 1st period - Snap shot by Emerson Etem.
16:32 of 1st period - Shot Blocked by Mike Reilly.
16:34 of 1st period - Wrist shot by Christian Hanson.
16:34 of 1st period - Deflect By Justin Florek.
16:34 of 1st period - Shot Blocked by Teemu Pulkkinen.
16:34 of 1st period - Puck is out of play.
16:35 of 1st period - Jared Knight wins face-off versus Tanner Richard in Coutelas zone.
16:36 of 1st period - Slapshot by Shea Theodore.
16:36 of 1st period - Shot Blocked by Craig Cunningham.
16:38 of 1st period - Minor Penalty to Garnet Hathaway for Interference.
16:39 of 1st period - Mike Amadio wins face-off versus Christian Hanson in Coutelas zone.
16:52 of 1st period - Slapshot by Christian Hanson.
16:52 of 1st period - Shot Misses the Net.
16:54 of 1st period - Snap shot by Christian Hanson.
16:54 of 1st period - Shot Misses the Net.
17:00 of 1st period - Minor Penalty to Dustin Kohn for Slashing.
17:01 of 1st period - Mike Amadio wins face-off versus Matt Calvert in Coutelas zone.
17:10 of 1st period - Wrist shot by Christian Hanson.
17:10 of 1st period - Shot Blocked by Mike Amadio.
17:12 of 1st period - Backhand shot by Timothy Kunes.
17:12 of 1st period - Shot Misses the Net.
17:14 of 1st period - Slapshot by Timothy Kunes.
17:14 of 1st period - Shot Blocked by Mike Amadio.
17:16 of 1st period - Wrist shot by Matt Calvert.
17:16 of 1st period - River Frogs goal is going for a video replay.
17:16 of 1st period - The goal is good.
17:16 of 1st period - Goal by Matt Calvert - Coutelas : 2 - River Frogs : 2.
17:17 of 1st period - Christian Hanson wins face-off versus Garnet Hathaway in neutral zone.
19:00 of 1st period - Penalty to Dustin Kohn is over, Dustin Kohn is back on ice.
19:16 of 1st period - Snap shot by Jared Knight.
19:16 of 1st period - Shot Blocked by Ben Harpur.
19:25 of 1st period - Off-side.
19:26 of 1st period - Ryan Fitzgerald wins face-off versus Mikhail Grigorenko in neutral zone.
19:39 of 1st period - Slapshot by Andrew Gordon.
19:39 of 1st period - Deflect By Ryan Fitzgerald.
19:39 of 1st period - Shot Misses the Net.
19:39 of 1st period - Puck is out of play.
19:40 of 1st period - Tanner Richard wins face-off versus Dominik Simon in Coutelas zone.
19:42 of 1st period - Icing by Garnet Hathaway.
19:43 of 1st period - Mitch Marner wins face-off versus Tanner Richard in Coutelas zone.
19:46 of 1st period - Slapshot by Mitch Marner.
19:46 of 1st period - Stopped by Joe Cannata with a rebound.
Goals for this period are 2 for Coutelas vs 2 for River Frogs.
Shots for this period are 8 for Coutelas vs 5 for River Frogs.
2nd period
0:01 of 2nd period - Dominik Simon wins face-off versus Tanner Richard in neutral zone.
0:10 of 2nd period - Snap shot by Mitch Marner.
0:10 of 2nd period - Shot Blocked by Craig Cunningham.
1:17 of 2nd period - Wrist shot by Andrew Gordon.
1:17 of 2nd period - Shot Blocked by Dustin Kohn.
1:19 of 2nd period - Slapshot by Shea Theodore.
1:19 of 2nd period - Stopped by Joe Cannata with a rebound.
1:29 of 2nd period - Wrist shot by Dominik Simon.
1:29 of 2nd period - Shot Misses the Net.
2:16 of 2nd period - Wrist shot by Ondrej Kase.
2:16 of 2nd period - Shot Misses the Net.
2:36 of 2nd period - Slapshot by Timothy Kunes.
2:36 of 2nd period - Stopped by Joe Cannata with a rebound.
2:38 of 2nd period - Wrist shot by Andrew Gordon.
2:38 of 2nd period - Stopped by Joe Cannata without a rebound.
2:39 of 2nd period - Dominik Simon wins face-off versus Juraj Mikus in Coutelas zone.
2:40 of 2nd period - Slapshot by Mitch Marner.
2:40 of 2nd period - Shot Misses the Net.
3:04 of 2nd period - Justin Florek is hit by Patrick Sieloff and loses puck.
3:48 of 2nd period - Juraj Mikus is hit by Austin Watson and loses puck.
3:55 of 2nd period - Jared Knight is hit by Rhett Rakhshani and loses puck.
3:59 of 2nd period - Icing by Aaron Ness.
4:00 of 2nd period - Mike Amadio wins face-off versus Jared Knight in River Frogs zone.
4:03 of 2nd period - Slapshot by Brendan Lemieux.
4:03 of 2nd period - Stopped by Thomas Greiss without a rebound.
4:04 of 2nd period - Dominik Simon wins face-off versus Mike Amadio in River Frogs zone.
4:10 of 2nd period - Slapshot by Mitch Marner.
4:10 of 2nd period - Deflect By Dominik Simon.
4:10 of 2nd period - Goal by Dominik Simon - Coutelas : 2 - River Frogs : 3.
4:11 of 2nd period - Tanner Richard wins face-off versus Dominik Simon in neutral zone.
4:22 of 2nd period - Slapshot by Matt Calvert.
4:22 of 2nd period - Stopped by Joe Cannata with a rebound.
4:24 of 2nd period - Snap shot by Dominik Simon.
4:24 of 2nd period - Shot Blocked by Ben Harpur.
4:26 of 2nd period - Slapshot by Timothy Kunes.
4:26 of 2nd period - Deflect By Mitch Marner.
4:26 of 2nd period - Goal by Mitch Marner - Coutelas : 2 - River Frogs : 4.
4:26 of 2nd period - Ilya Samsonov enters game.
4:27 of 2nd period - Dominik Simon wins face-off versus Tanner Richard in neutral zone.
4:36 of 2nd period - Timothy Kunes is hit by Tanner Richard and loses puck.
4:43 of 2nd period - Snap shot by Garnet Hathaway.
4:43 of 2nd period - Shot Blocked by Matt Calvert.
4:53 of 2nd period - Juraj Mikus is hit by Justin Florek and loses puck.
5:00 of 2nd period - Snap shot by Emerson Etem.
5:00 of 2nd period - Shot Misses the Net.
5:36 of 2nd period - Wrist shot by Mattias Janmark.
5:36 of 2nd period - Stopped by Thomas Greiss with a rebound.
5:42 of 2nd period - Ben Harpur is hit by Ondrej Kase and loses puck.
5:59 of 2nd period - Icing by Mitch Marner.
6:00 of 2nd period - Dominik Simon wins face-off versus Tanner Richard in River Frogs zone.
6:08 of 2nd period - Minor Penalty to Mike Reilly for Hooking.
6:09 of 2nd period - Christian Hanson wins face-off versus Garnet Hathaway in Coutelas zone.
6:11 of 2nd period - Wrist shot by Emerson Etem.
6:11 of 2nd period - Shot Blocked by Julius Honka.
7:18 of 2nd period - Icing by Morgan Rielly.
7:19 of 2nd period - Garnet Hathaway wins face-off versus Christian Hanson in River Frogs zone.
8:08 of 2nd period - Penalty to Mike Reilly is over, Mike Reilly is back on ice.
8:15 of 2nd period - Ondrej Kase is hit by Mike Reilly and loses puck.
8:21 of 2nd period - Icing by Timothy Kunes.
8:22 of 2nd period - Jared Knight wins face-off versus Juraj Mikus in River Frogs zone.
8:47 of 2nd period - Snap shot by Ondrej Kase.
8:47 of 2nd period - Deflect By Jared Knight.
8:47 of 2nd period - Shot Misses the Net.
8:47 of 2nd period - Puck is out of play.
8:48 of 2nd period - Mike Amadio wins face-off versus Dominik Simon in Coutelas zone.
8:53 of 2nd period - Backhand shot by Dustin Kohn.
8:53 of 2nd period - Shot Misses the Net.
8:59 of 2nd period - Dustin Kohn is hit by Matt Calvert and loses puck.
9:37 of 2nd period - Snap shot by Garnet Hathaway.
9:37 of 2nd period - Shot Misses the Net.
10:01 of 2nd period - Snap shot by Ondrej Kase.
10:01 of 2nd period - Stopped by Ilya Samsonov with a rebound.
10:03 of 2nd period - Snap shot by Aaron Ness.
10:03 of 2nd period - Shot Blocked by Mattias Janmark.
10:15 of 2nd period - Snap shot by Teemu Pulkkinen.
10:15 of 2nd period - Stopped by Thomas Greiss without a rebound.
10:16 of 2nd period - Juraj Mikus wins face-off versus Dominik Simon in River Frogs zone.
10:29 of 2nd period - Snap shot by Mitch Marner.
10:29 of 2nd period - Shot Blocked by Rhett Rakhshani.
10:31 of 2nd period - Wrist shot by Dominik Simon.
10:31 of 2nd period - Stopped by Ilya Samsonov with a rebound.
10:39 of 2nd period - Timothy Kunes is hit by Teemu Pulkkinen.
10:45 of 2nd period - Snap shot by Mitch Marner.
10:45 of 2nd period - Deflect By Dominik Simon.
10:45 of 2nd period - Stopped by Ilya Samsonov with a rebound.
11:09 of 2nd period - Wrist shot by Matt Calvert.
11:09 of 2nd period - Goal by Matt Calvert - Coutelas : 2 - River Frogs : 5.
11:10 of 2nd period - Craig Cunningham wins face-off versus Justin Florek in neutral zone.
11:54 of 2nd period - Slapshot by Dustin Kohn.
11:54 of 2nd period - Shot Hit the Post.
12:16 of 2nd period - Aaron Ness is hit by Juraj Mikus and loses puck.
12:35 of 2nd period - Garnet Hathaway is hit by Joakim Nordstrom and loses puck.
12:42 of 2nd period - Slapshot by Ben Harpur.
12:42 of 2nd period - Deflect By Tanner Richard.
12:42 of 2nd period - Shot Misses the Net.
12:42 of 2nd period - Puck is out of play.
12:43 of 2nd period - Tanner Richard wins face-off versus Emerson Etem in River Frogs zone.
12:48 of 2nd period - Snap shot by Garnet Hathaway.
12:48 of 2nd period - Shot Misses the Net.
12:50 of 2nd period - Snap shot by Craig Cunningham.
12:50 of 2nd period - Goal by Craig Cunningham - Coutelas : 3 - River Frogs : 5.
12:51 of 2nd period - Dominik Simon wins face-off versus Tanner Richard in neutral zone.
12:56 of 2nd period - Slapshot by Nikita Zadorov.
12:56 of 2nd period - Deflect By Matt Calvert.
12:56 of 2nd period - Stopped by Ilya Samsonov with a rebound.
13:04 of 2nd period - Snap shot by Dominik Simon.
13:04 of 2nd period - Shot Misses the Net.
13:16 of 2nd period - Teemu Pulkkinen is hit by Nikita Zadorov and loses puck.
13:43 of 2nd period - Julius Honka is hit by Morgan Rielly and loses puck.
14:07 of 2nd period - Wrist shot by Aaron Ness.
14:07 of 2nd period - Shot Blocked by Julius Honka.
14:48 of 2nd period - Snap shot by Emerson Etem.
14:48 of 2nd period - Stopped by Ilya Samsonov with a rebound.
15:06 of 2nd period - Icing by Dustin Kohn.
15:07 of 2nd period - Mike Amadio wins face-off versus Dominik Simon in Coutelas zone.
15:15 of 2nd period - Dustin Kohn is hit by Aaron Ness and loses puck.
16:46 of 2nd period - Slapshot by Mikhail Grigorenko.
16:46 of 2nd period - Stopped by Thomas Greiss without a rebound.
16:47 of 2nd period - Christian Hanson wins face-off versus Tanner Richard in River Frogs zone.
17:17 of 2nd period - Snap shot by Teemu Pulkkinen.
17:17 of 2nd period - Goal by Teemu Pulkkinen - Coutelas : 4 - River Frogs : 5.
17:18 of 2nd period - Tanner Richard wins face-off versus Matt Calvert in neutral zone.
17:42 of 2nd period - Icing by Tanner Richard.
17:43 of 2nd period - Christian Hanson wins face-off versus Tanner Richard in Coutelas zone.
17:54 of 2nd period - Snap shot by Emerson Etem.
17:54 of 2nd period - Stopped by Ilya Samsonov without a rebound.
17:55 of 2nd period - Dominik Simon wins face-off versus Juraj Mikus in Coutelas zone.
18:00 of 2nd period - Wrist shot by Dominik Simon.
18:00 of 2nd period - Goal by Dominik Simon - Coutelas : 4 - River Frogs : 6.
18:01 of 2nd period - Tanner Richard wins face-off versus Dominik Simon in neutral zone.
18:06 of 2nd period - Dominik Simon is hit by Craig Cunningham and loses puck.
18:13 of 2nd period - Wrist shot by Garnet Hathaway.
18:13 of 2nd period - Deflect By Craig Cunningham.
18:13 of 2nd period - Shot Misses the Net.
18:13 of 2nd period - Puck is out of play.
18:14 of 2nd period - Garnet Hathaway wins face-off versus Dominik Simon in River Frogs zone.
18:17 of 2nd period - Wrist shot by Garnet Hathaway.
18:17 of 2nd period - Stopped by Thomas Greiss with a rebound.
19:29 of 2nd period - Snap shot by Mattias Janmark.
19:29 of 2nd period - Goal by Mattias Janmark - Coutelas : 5 - River Frogs : 6.
19:30 of 2nd period - Dominik Simon wins face-off versus Tanner Richard in neutral zone.
19:30 of 2nd period - Dominik Simon is hit by Tanner Richard.
19:45 of 2nd period - Snap shot by Craig Cunningham.
19:45 of 2nd period - Shot Misses the Net.
Goals for this period are 3 for Coutelas vs 4 for River Frogs.
Shots for this period are 8 for Coutelas vs 14 for River Frogs.
3rd period
0:01 of 3rd period - Tanner Richard wins face-off versus Dominik Simon in neutral zone.
1:06 of 3rd period - Icing by Shea Theodore.
1:07 of 3rd period - Mikhail Grigorenko wins face-off versus Ryan Fitzgerald in River Frogs zone.
1:08 of 3rd period - Snap shot by Mattias Janmark.
1:08 of 3rd period - Shot Blocked by Morgan Rielly.
1:22 of 3rd period - Snap shot by Andrew Gordon.
1:22 of 3rd period - Shot Misses the Net.
1:24 of 3rd period - Snap shot by Ryan Fitzgerald.
1:24 of 3rd period - Stopped by Ilya Samsonov with a rebound.
1:28 of 3rd period - Slapshot by Shea Theodore.
1:28 of 3rd period - Stopped by Ilya Samsonov with a rebound.
1:40 of 3rd period - Wrist shot by Andrew Gordon.
1:40 of 3rd period - Goal by Andrew Gordon - Coutelas : 5 - River Frogs : 7.
1:41 of 3rd period - Dominik Simon wins face-off versus Teemu Pulkkinen in neutral zone.
1:44 of 3rd period - Slapshot by Nikita Zadorov.
1:44 of 3rd period - Shot Misses the Net.
1:46 of 3rd period - Wrist shot by Matt Calvert.
1:46 of 3rd period - Shot Hit the Post.
1:48 of 3rd period - Slapshot by Matt Calvert.
1:48 of 3rd period - Stopped by Ilya Samsonov with a rebound.
1:50 of 3rd period - Slapshot by Dominik Simon.
1:50 of 3rd period - Stopped by Ilya Samsonov with a rebound.
1:52 of 3rd period - Wrist shot by Dominik Simon.
1:52 of 3rd period - Goal by Dominik Simon - Coutelas : 5 - River Frogs : 8.
1:52 of 3rd period - Joe Cannata enters game.
1:53 of 3rd period - Dominik Simon wins face-off versus Tanner Richard in neutral zone.
2:03 of 3rd period - Wrist shot by Garnet Hathaway.
2:03 of 3rd period - Shot Misses the Net.
2:19 of 3rd period - Ben Harpur is hit by Emerson Etem and loses puck.
2:28 of 3rd period - Slapshot by Shea Theodore.
2:28 of 3rd period - Stopped by Joe Cannata with a rebound.
2:51 of 3rd period - Snap shot by Rhett Rakhshani.
2:51 of 3rd period - Stopped by Thomas Greiss without a rebound.
2:52 of 3rd period - Mitch Marner wins face-off versus Tanner Richard in River Frogs zone.
2:52 of 3rd period - Mitch Marner is hit by Craig Cunningham.
3:05 of 3rd period - Slapshot by Timothy Kunes.
3:05 of 3rd period - Shot Blocked by Tanner Richard.
3:29 of 3rd period - Snap shot by Oliver Bjorkstrand.
3:29 of 3rd period - Shot Blocked by Morgan Rielly.
3:41 of 3rd period - Julius Honka is hit by Jared Knight and loses puck.
4:18 of 3rd period - Icing by Julius Honka.
4:19 of 3rd period - Dominik Simon wins face-off versus Rhett Rakhshani in Coutelas zone.
4:24 of 3rd period - Wrist shot by Matt Calvert.
4:24 of 3rd period - Shot Misses the Net.
4:26 of 3rd period - Wrist shot by Mitch Marner.
4:26 of 3rd period - Shot Misses the Net.
4:28 of 3rd period - Snap shot by Timothy Kunes.
4:28 of 3rd period - Stopped by Joe Cannata without a rebound.
4:29 of 3rd period - Tanner Richard wins face-off versus Matt Calvert in Coutelas zone.
4:29 of 3rd period - Tanner Richard is hit by Matt Calvert.
4:53 of 3rd period - Snap shot by Dominik Simon.
4:53 of 3rd period - Shot Misses the Net.
4:55 of 3rd period - Snap shot by Nikita Zadorov.
4:55 of 3rd period - Deflect By Mitch Marner.
4:55 of 3rd period - Shot Misses the Net.
4:55 of 3rd period - Puck is out of play.
4:56 of 3rd period - Juraj Mikus wins face-off versus Justin Florek in Coutelas zone.
5:05 of 3rd period - Snap shot by Rhett Rakhshani.
5:05 of 3rd period - Stopped by Thomas Greiss without a rebound.
5:06 of 3rd period - Teemu Pulkkinen wins face-off versus Christian Hanson in River Frogs zone.
5:13 of 3rd period - Slapshot by Teemu Pulkkinen.
5:13 of 3rd period - Shot Misses the Net.
5:15 of 3rd period - Slapshot by Mike Reilly.
5:15 of 3rd period - Deflect By Teemu Pulkkinen.
5:15 of 3rd period - Shot Misses the Net.
5:15 of 3rd period - Puck is out of play.
5:16 of 3rd period - Tanner Richard wins face-off versus Dominik Simon in River Frogs zone.
5:17 of 3rd period - Snap shot by Craig Cunningham.
5:17 of 3rd period - Shot Hit the Post.
5:19 of 3rd period - Minor Penalty to Timothy Kunes for Tripping.
5:20 of 3rd period - Tanner Richard wins face-off versus Emerson Etem in River Frogs zone.
5:21 of 3rd period - Slapshot by Garnet Hathaway.
5:21 of 3rd period - Deflect By Craig Cunningham.
5:21 of 3rd period - Shot Blocked by David Kolomatis.
5:21 of 3rd period - Puck is out of play.
5:22 of 3rd period - Emerson Etem wins face-off versus Tanner Richard in River Frogs zone.
5:55 of 3rd period - Wrist shot by Juraj Mikus.
5:55 of 3rd period - Stopped by Thomas Greiss without a rebound.
5:56 of 3rd period - Juraj Mikus wins face-off versus Emerson Etem in River Frogs zone.
5:59 of 3rd period - Wrist shot by Juraj Mikus.
5:59 of 3rd period - Stopped by Thomas Greiss without a rebound.
6:00 of 3rd period - Emerson Etem wins face-off versus Tanner Richard in River Frogs zone.
6:00 of 3rd period - Emerson Etem is hit by Tanner Richard.
6:22 of 3rd period - Snap shot by Juraj Mikus.
6:22 of 3rd period - Shot Misses the Net.
6:24 of 3rd period - Slapshot by Nick Mattson.
6:24 of 3rd period - Shot Misses the Net.
6:26 of 3rd period - Snap shot by Rhett Rakhshani.
6:26 of 3rd period - Stopped by Thomas Greiss with a rebound.
6:46 of 3rd period - Craig Cunningham is hit by Jared Knight and loses puck.
7:19 of 3rd period - Penalty to Timothy Kunes is over, Timothy Kunes is back on ice.
7:35 of 3rd period - Slapshot by Dustin Kohn.
7:35 of 3rd period - Stopped by Thomas Greiss with a rebound.
7:37 of 3rd period - Snap shot by Oliver Bjorkstrand.
7:37 of 3rd period - Stopped by Thomas Greiss without a rebound.
7:38 of 3rd period - Juraj Mikus wins face-off versus Austin Watson in River Frogs zone.
7:41 of 3rd period - Snap shot by Rhett Rakhshani.
7:41 of 3rd period - Shot Misses the Net.
8:25 of 3rd period - Slapshot by Emerson Etem.
8:25 of 3rd period - Shot Blocked by Julius Honka.
8:27 of 3rd period - Slapshot by David Kolomatis.
8:27 of 3rd period - Stopped by Joe Cannata with a rebound.
8:29 of 3rd period - Slapshot by David Kolomatis.
8:29 of 3rd period - Shot Blocked by Mattias Janmark.
8:52 of 3rd period - Icing by Nikita Zadorov.
8:53 of 3rd period - Tanner Richard wins face-off versus Ryan Fitzgerald in River Frogs zone.
9:10 of 3rd period - Wrist shot by Andrew Gordon.
9:10 of 3rd period - Stopped by Joe Cannata with a rebound.
9:12 of 3rd period - Slapshot by Timothy Kunes.
9:12 of 3rd period - Shot Blocked by Ben Harpur.
9:20 of 3rd period - Nikita Zadorov is hit by Garnet Hathaway and loses puck.
9:41 of 3rd period - Tanner Richard is hit by Nikita Zadorov and loses puck.
10:55 of 3rd period - Snap shot by Andrew Gordon.
10:55 of 3rd period - Stopped by Joe Cannata without a rebound.
10:56 of 3rd period - Matt Calvert wins face-off versus Juraj Mikus in Coutelas zone.
11:12 of 3rd period - Off-side.
11:13 of 3rd period - Mike Amadio wins face-off versus Christian Hanson in neutral zone.
11:47 of 3rd period - Snap shot by Teemu Pulkkinen.
11:47 of 3rd period - Stopped by Thomas Greiss without a rebound.
11:48 of 3rd period - Brendan Lemieux wins face-off versus Dominik Simon in River Frogs zone.
12:00 of 3rd period - Off-side.
12:01 of 3rd period - Dominik Simon wins face-off versus Juraj Mikus in neutral zone.
12:08 of 3rd period - Slapshot by Shea Theodore.
12:08 of 3rd period - Shot Misses the Net.
12:10 of 3rd period - Slapshot by Morgan Rielly.
12:10 of 3rd period - Stopped by Joe Cannata with a rebound.
12:37 of 3rd period - Wrist shot by Brendan Lemieux.
12:37 of 3rd period - Shot Misses the Net.
12:39 of 3rd period - Wrist shot by Brendan Lemieux.
12:39 of 3rd period - Shot Misses the Net.
12:45 of 3rd period - Minor Penalty to Christian Hanson for Hooking.
12:46 of 3rd period - Emerson Etem wins face-off versus Tanner Richard in River Frogs zone.
12:55 of 3rd period - Snap shot by Jared Knight.
12:55 of 3rd period - Stopped by Joe Cannata with a rebound.
12:57 of 3rd period - Snap shot by Jared Knight.
12:57 of 3rd period - Shot Misses the Net.
12:59 of 3rd period - Slapshot by Nikita Zadorov.
12:59 of 3rd period - Stopped by Joe Cannata with a rebound.
13:01 of 3rd period - Slapshot by Nikita Zadorov.
13:01 of 3rd period - Stopped by Joe Cannata without a rebound.
13:02 of 3rd period - Juraj Mikus wins face-off versus Emerson Etem in Coutelas zone.
13:13 of 3rd period - Slapshot by Juraj Mikus.
13:13 of 3rd period - Stopped by Thomas Greiss without a rebound.
13:14 of 3rd period - Emerson Etem wins face-off versus Tanner Richard in River Frogs zone.
13:29 of 3rd period - Backhand shot by Dustin Kohn.
13:29 of 3rd period - Stopped by Thomas Greiss without a rebound.
13:30 of 3rd period - Emerson Etem wins face-off versus Tanner Richard in River Frogs zone.
13:59 of 3rd period - Nikita Zadorov is hit by Teemu Pulkkinen and loses puck.
14:45 of 3rd period - Penalty to Christian Hanson is over, Christian Hanson is back on ice.
14:52 of 3rd period - Morgan Rielly is hit by Patrick Sieloff and loses puck.
15:47 of 3rd period - Off-side.
15:48 of 3rd period - Jared Knight wins face-off versus Mike Amadio in neutral zone.
15:48 of 3rd period - Nikita Zadorov is hit by Nick Mattson and loses puck.
16:21 of 3rd period - Icing by Dustin Kohn.
16:22 of 3rd period - Tanner Richard wins face-off versus Dominik Simon in Coutelas zone.
16:22 of 3rd period - Tanner Richard is hit by Matt Calvert.
16:29 of 3rd period - Off-side.
16:30 of 3rd period - Dominik Simon wins face-off versus Tanner Richard in neutral zone.
16:36 of 3rd period - Icing by Tanner Richard.
16:37 of 3rd period - Dominik Simon wins face-off versus Tanner Richard in Coutelas zone.
16:38 of 3rd period - Snap shot by Mitch Marner.
16:38 of 3rd period - Stopped by Joe Cannata with a rebound.
17:02 of 3rd period - Ben Harpur is hit by Timothy Kunes and loses puck.
17:46 of 3rd period - Minor Penalty to Mike Reilly for Hooking.
17:47 of 3rd period - Christian Hanson wins face-off versus Garnet Hathaway in Coutelas zone.
18:01 of 3rd period - Off-side.
18:02 of 3rd period - Garnet Hathaway wins face-off versus Christian Hanson in neutral zone.
18:04 of 3rd period - Off-side.
18:05 of 3rd period - Garnet Hathaway wins face-off versus Christian Hanson in neutral zone.
19:14 of 3rd period - Backhand shot by Teemu Pulkkinen.
19:14 of 3rd period - Deflect By Mike Amadio.
19:14 of 3rd period - Shot Blocked by Morgan Rielly.
19:14 of 3rd period - Puck is out of play.
19:15 of 3rd period - Dominik Simon wins face-off versus Mike Amadio in River Frogs zone.
19:30 of 3rd period - Mike Amadio is hit by Emerson Etem and loses puck.
19:46 of 3rd period - Penalty to Mike Reilly is over, Mike Reilly is back on ice.
19:46 of 3rd period - Icing by Mike Amadio.
19:47 of 3rd period - Mike Amadio wins face-off versus Dominik Simon in Coutelas zone.
Goals for this period are 0 for Coutelas vs 2 for River Frogs.
Shots for this period are 10 for Coutelas vs 16 for River Frogs.